 Dungeon Crawl Stone Soup version 0.13-a0-1804-g486adc7 (webtiles) character file.

162 Bruce the Digger (level 4, -5/33 HPs)
             Began as a Gargoyle Earth Elementalist on June 25, 2013.
             Was an Initiate of Vehumet.
             Slain by an orc
             ... wielding a +2,+1 orcish war axe of electrocution
              (7 damage)
             ... on Level 3 of the Dungeon.
             The game lasted 00:07:45 (1022 turns).

Bruce the Digger (Gargoyle Earth Elementalist)      Turns: 1022, Time: 00:07:45

HP  -5/33        AC  6     Str 11      XL: 4   Next: 78%
MP   6/8         EV 12     Int 22      God: Vehumet [......]
Gold 60          SH  0     Dex 10      Spells:  3 memorised,  1 level left

Res.Fire  : . . .   See Invis. : +   (no weapon)
Res.Cold  : + . .   Warding    : .   c - +0 robe
Life Prot.: + . .   Conserve   : .   (no shield)
Res.Poison: .       Res.Corr.  : .   (no helmet)
Res.Elec. : .       Clarity    : +   (no cloak)
Sust.Abil.: . .     Spirit.Shd : .   (no gloves)
Res.Mut.  : .       Stasis     : .   (no boots)
Res.Rott. : .       Flight     : .   h - amulet of clarity {unknown}
Saprovore : . . .                    o - ring of see invisible {unknown}
                                     f - +4 ring of protection

@: brilliant, slightly resistant to hostile enchantments, fairly stealthy
A: fangs 1, talons 2, cold resistance 1, life protection 1, slow metabolism 1,
petrification resistance, trample resistance
a: Renounce Religion


You were on level 3 of the Dungeon.
You worshipped Vehumet.
Vehumet was noncommittal.
You were not hungry.

You visited 1 branch of the dungeon, and saw 3 of its levels.

You collected 40 gold pieces.

Inventory:

Hand weapons
 t - a cursed -2,+0 quarterstaff
Armour
 c - a +0 robe (worn)
Comestibles
 a - 3 bread rations
 l - a chunk of hobgoblin flesh
 s - a meat ration
Scrolls
 e - a scroll of identify {unknown}
 g - a scroll of curse weapon {unknown}
 j - a scroll of remove curse {unknown}
 n - a scroll of enchant armour {unknown}
 p - 4 scrolls of enchant weapon I {unknown}
Jewellery
 f - a +4 ring of protection (left hand)
 h - an amulet of clarity (around neck) {unknown}
 i - an uncursed amulet of inaccuracy {unknown}
 o - a ring of see invisible (right hand) {unknown}
Potions
 m - a potion of curing {unknown}
 q - a potion of blood {unknown}
Books
 d - a book of Geomancy

   Spells                             Type                      Level
   *Sandblast                         Earth                        1
   *Stoneskin                         Transmutation/Earth          2
   Passwall                           Transmutation/Earth          3
   *Stone Arrow                       Conjuration/Earth            3
   Petrify                            Transmutation/Earth          4
   Lee's Rapid Deconstruction         Earth                        5


   Skills:
 + Level 1.9 Fighting
 - Level 1.7 Dodging
 - Level 2.1 Stealth
 + Level 2.1 Spellcasting
 - Level 0.8 Transmutations
 * Level 5.8 Earth Magic


You had one spell level left.
You knew the following spells:

 Your Spells              Type           Power        Failure   Level  Hunger
a - Sandblast             Erth           #####.       1%          1    #......
b - Stoneskin             Trmt/Erth      ####......   1%          2    ##.....
c - Stone Arrow           Conj/Erth      ####..       1%          3    ###....


Dungeon Overview and Level Annotations

Branches:
Dungeon (3/27)

Altars:
Okawaru
Trog
Vehumet


Innate Abilities, Weirdness & Mutations

You have very sharp teeth.
You have razor-sharp toenails.
Your flesh is cold resistant.
You resist negative energy.
You have a slow metabolism.
You are immune to petrification.
You are resistant to trampling.


Message History

* * * LOW HITPOINT WARNING * * *
Casting: Sandblast
Confirm with . or Enter, or press ? or * to list all spells.
Aiming: Sandblast
Press: ? - help, Shift-Dir - straight line, f/p - orc
Aim: an orc, wielding an orcish war axe of electrocution and wearing an orcish leather armour (moderately wounded)
The blast of sand misses the orc.
The blast of sand hits the orc.
The orc is moderately wounded.
The orc hits you with an orcish war axe of electrocution.
* * * LOW HITPOINT WARNING * * *
Unknown command.
Read which item? (? for menu, Esc to quit)
As you read the scroll labeled ESAOSAOSS, it crumbles to dust.
Your hands very briefly gain a red sheen.
It was a scroll of enchant weapon II.
Drink which item? (? for menu, Esc to quit)
You feel more clever all of a sudden.
It was a potion of brilliance.
The orc hits you with an orcish war axe of electrocution!
You die...

#############
#...........#
#........o@.#
#......o.o..# ##
#...........#
...##...........#
#..............#
####...........#
##.########## #.#
#.######


You could see 3 orcs.

Vanquished Creatures
  Jessica (D:3)
  A gnoll (D:1)
  3 adders (D:2)
  A giant cockroach (D:2)
  5 goblins
  9 hobgoblins
  8 kobolds
  An ooze (D:1)
  A quokka (D:2)
  4 training dummies (D:2)
  2 bats
  A giant newt (D:2)
  6 jackals
  3 rats
46 creatures vanquished.

Notes
Turn   | Place    | Note
--------------------------------------------------------------
     0 | D:1      | Bruce, the Gargoyle Earth Elementalist, began the quest for the Orb.
     0 | D:1      | Reached XP level 1. HP: 14/14 MP: 3/3
   154 | D:1      | Reached XP level 2. HP: 11/20 MP: 4/4
   160 | D:1      | Learned a level 2 spell: Stoneskin
   359 | D:1      | Reached XP level 3. HP: 26/26 MP: 1/6
   385 | D:2      | Reached skill level 5 in Earth Magic
   516 | D:2      | Reached skill level 1 in Fighting
   568 | D:2      | Found an iron altar of Okawaru.
   603 | D:2      | Reached XP level 4. HP: 11/33 MP: 7/7
   608 | D:2      | Learned a level 3 spell: Stone Arrow
   801 | D:2      | Found a radiant altar of Vehumet.
   818 | D:2      | Became a worshipper of Vehumet
   850 | D:3      | Noticed Jessica
   953 | D:3      | Killed Jessica
   969 | D:3      | Found a bloodstained altar of Trog.
  1011 | D:3      | HP: 1/33 [orc/orcish war axe of electrocution (6)]
  1022 | D:3      | Slain by an orc

Action                   |  1- 3 |  4- 6 || total
-------------------------+-------+-------++-------
Melee: Unarmed           |    80 |    59 ||   139
Throw: Club              |       |     1 ||     1
       Dagger            |       |     1 ||     1
 Cast: Sandblast         |    38 |    20 ||    58
       Stoneskin         |     1 |     7 ||     8
  Use: Potion            |     1 |     2 ||     3
       Scroll            |       |     1 ||     1
 Stab: Sleeping          |       |     1 ||     1
